 Dungeon Crawl Stone Soup version 0.24-a0-375-g4de66ed42b (webtiles) character file.

Game seed: 11460590683213576003

56 Gargoyl the Skirmisher (level 3, 0/46 HPs)
             Began as a Centaur Abyssal Knight on May 31, 2019.
             Was a Follower of Lugonu.
             Succumbed to a worker ant's poison
             ... on level 2 of the Dungeon.
             The game lasted 00:02:30 (2068 turns).

Gargoyl the Skirmisher (Centaur Abyssal Knight)     Turns: 2068, Time: 00:02:31

Health: 0/46       AC: 21    Str: 14    XL:     3   Next: 69%
Magic:  4/4        EV:  1    Int: 11    God:    Lugonu [*.....]
Gold:   100        SH:  0    Dex:  9    Spells: 2/2 levels left

rFire    . . .     SeeInvis .   a - +1 hand axe
rCold    . . .     Gourm    .   (no shield)
rNeg     + + +     Faith    .   (armour currently unavailable)
rPois    +         Spirit   .   (helmet currently unavailable)
rElec    .         Reflect  .   (cloak currently unavailable)
rCorr    .         Harm     .   (gloves currently unavailable)
MR       +....     NoTele   +   (no barding)
Stlth    +.........             (no amulet)
HPRegen  0.15/turn              f - ring of protection from magic
MPRegen  0.09/turn              (no ring)

@: lethally poisoned (0 -> -8), tree-form
A: large
a: Depart the Abyss, Renounce Religion


You were on level 2 of the Dungeon.
You worshipped Lugonu.
Lugonu was aware of your devotion.
You were hungry.
You were a tree.
You visited 1 branch of the dungeon, and saw 2 of its levels.
You visited the Abyss 1 time.

You collected 100 gold pieces.

Inventory:

Hand Weapons
 a - a +1 hand axe (weapon)
Armour
 b - a +0 leather armour (melded)
 e - a +1 helmet (melded)
Jewellery
 f - a ring of protection from magic (left branch)
Scrolls
 d - a scroll of noise {unknown}
 g - 3 scrolls of amnesia {unknown}
 h - a scroll of remove curse {unknown}
Comestibles
 c - 2 rations


   Skills:
 + Level 3.3 Fighting
 + Level 2.3 Axes
 * Level 2.0 Armour
 * Level 1.0 Dodging
 * Level 2.4 Invocations


You had 2 spell levels left.
You didn't know any spells.
Your spell library was empty.

Dungeon Overview and Level Annotations

Branches:
Dungeon (2/15)

Altars:


Innate Abilities, Weirdness & Mutations

((You have hooves in place of feet.))
((Armour fits poorly on your strangely shaped body.))
((You cover ground very quickly.))
((You have extremely tough skin. (AC +3)))


Message History

Your +0 leather armour melds into your body.
Your roots penetrate the ground.
* * * LOW HITPOINT WARNING * * *
You feel sick.
The worker ant bites you but does no damage.
You hit the worker ant but do no damage.
The worker ant is almost dead.
* * * LOW HITPOINT WARNING * * *
You feel sick. The worker ant bites you.
* * * LOW HITPOINT WARNING * * *
Unknown command.
You barely miss the worker ant.
The worker ant is almost dead.
* * * LOW HITPOINT WARNING * * *
You feel sick.
The worker ant bites you but does no damage. x2
Unknown command.
You barely miss the worker ant.
The worker ant is almost dead.
You die...

#.....##. #######
#####.....##. #......
###.........##. #......
#...###.....##.
#......#####.### #.....##.
#.......#....#####....##.†
........................÷.
###.(..##########......#.
###...♣##...........##.
#.##a.(..............
...................#.##
....(.............#.#.#
...................#...##
...<...............#...##
..................>...##.
.......................
............)....##....


You could see a worker ant.

Vanquished Creatures
  An ooze (D:2)
  2 dart slugs
  5 leopard geckos
  5 giant cockroaches
  4 goblins (D:1)
  7 hobgoblins
  A ball python (D:1)
  4 bats (D:1)
  2 frilled lizards (D:1)
  4 kobolds (D:1)
  5 rats (D:1)
40 creatures vanquished.

Notes
Turn   | Place    | Note
-------+----------+-------------------------------------------
     0 | Abyss:1  | Gargoyl the Centaur Abyssal Knight began the quest for the
                  | Orb.
     0 | Abyss:1  | Reached XP level 1. HP: 19/19 MP: 2/2
    51 | Abyss:1  | Found a hazy altar of Hepliaklqana.
    71 | Abyss:2  | Noticed a tentacled starspawn
   110 | Abyss:3  | Noticed an ancient zyme
   115 | Abyss:3  | Noticed a small abomination
   152 | Abyss:3  | Noticed a smoke demon
   155 | D:1      | Escaped the Abyss
   325 | D:1      | Reached XP level 2. HP: 10/26 MP: 3/3
   664 | D:1      | Reached * piety under Lugonu
   914 | D:1      | Reached skill level 1 in Dodging
   917 | D:1      | Reached XP level 3. HP: 27/31 MP: 4/4
  2067 | D:2      | HP: 1/46 [poisoned by a worker ant]
  2068 | D:2      | Succumbed to a worker ant's poison

Levels and vault maps discovered:
D:1:      lightli_arrival_lavapool, layout_basic
D:2:      layout_rooms, first_ration

Skill      XL: |  1  2  3 |
---------------+----------+-----
Axes           | 2 |  2.3
Dodging        | 1 |  1.0
Armour         | 2 |  2.0
Fighting       | |  3.3
Invocations    | |  2.4

Action                   || total
-------------------------++-------
Melee: Hand axe          ||   105
       Kick              ||    19
Invok: Depart the Abyss  ||     1
  Use: Scroll            ||     3
       Potion            ||     2
  Eat: Chunk             ||     2
Armor: Leather armour    ||    64
       Skin              ||     3
Dodge: Dodged            ||    61

Table legend:
 A = Non-vault XP
 B = Vault XP
 C = Vault XP percentage of total XP
 D = Non-vault monster count
 E = Vault monster count
 F = Vault count percentage of total count
                 A         B        C        D         E       F
            +---------+---------+-------+---------+---------+-------
      Total |      80 |       0 |   0.0 |      40 |       0 |   0.0
            +---------+---------+-------+---------+---------+-------
        D:1 |      58 |       0 |   0.0 |      33 |       0 |   0.0
        D:2 |      22 |       0 |   0.0 |       7 |       0 |   0.0
            +---------+---------+-------+---------+---------+-------
